 Dungeon Crawl Stone Soup version 0.27-a0-899-ge2d0b17c59 (webtiles) character file.

Game seed: 3311403968536651021

34819 jestyr24 the Thaumaturge (level 13, -1/96 HPs)
             Began as a Djinni Air Elementalist on Apr 6, 2021.
             Was the Champion of Cheibriados.
             Slain by Rupert
             ... wielding a +2 great sword of electrocution
              (23 damage)
             ... while paralysed by Rupert
             ... on level 6 of the Lair of Beasts.
             The game lasted 01:44:06 (13733 turns).

jestyr24 the Thaumaturge (Djinni Air Elementalist) Turns: 13733, Time: 01:44:07

Health: -1/96      AC:  7    Str: 31    XL:     13   Next: 79%
Gold:   879        EV:  2    Int: 36    God:    Cheibriados [******] SH:  0 Dex: 32

rFire    + + .     SeeInvis .   d - +6 demon blade of Exhibitionism {venom, rC+ rN+ Str+3 Dex-5}
rCold    x . .     Faith    +   L - +2 buckler
rNeg     + . .     Spirit   .   v - +4 robe "Puyd" {rC- Regen+ Dex+7}
rPois    ∞         Reflect  .   (no helmet)
rElec    .         Harm     .   H - +0 cloak
rCorr    .         Rampage  .   (no gloves)
Will     +....                  (boots unavailable)
Stlth    +++.......             h - amulet of faith
HPRegen  1.26/turn              e - +6 ring of strength
MPRegen  0.00/turn              a - +4 ring of evasion

@: paralysed, flying, very slow
A: fire resistance 2, cold vulnerability 1, float, innate caster, hp casting,
extra vitality 1
a: Renounce Religion, Bend Time, Temporal Distortion, Slouch, Step From Time


You were on level 6 of the Lair of Beasts.
You worshipped Cheibriados.
Cheibriados was exalted by your worship.
You visited 2 branches of the dungeon, and saw 17 of its levels.

You collected 879 gold pieces.

Inventory:

Hand Weapons
 d - the +6 demon blade of Exhibitionism (weapon) {venom, rC+ rN+ Str+3 Dex-5}
   (You acquired it on level 1 of the Dungeon)

   It poisons the flesh of those it strikes.
   It affects your strength (+3).
   It affects your dexterity (-5).
   It protects you from cold.
   It protects you from negative energy.
 m - a +4 halberd
Missiles
 n - 8 curare-tipped darts
 x - 2 throwing nets
 A - 57 poisoned darts
 I - 2 silver boomerangs
Armour
 v - the +4 robe "Puyd" (worn) {rC- Regen+ Dex+7}
   (You found it on level 5 of the Dungeon)

   It affects your dexterity (+7).
   It makes you vulnerable to cold.
   It increases your rate of health regeneration.
 C - a +0 kite shield
 H - a +0 cloak (worn)
 J - +0 acid dragon scales
 L - a +2 buckler (worn)
 M - a scarf of shadows
Magical Staves
 K - a staff of earth
Jewellery
 a - a +4 ring of evasion (right hand)
 e - a +6 ring of strength (left hand)
 g - a +6 ring of strength
 h - an amulet of faith (around neck)
 k - a ring of wizardry
Wands
 c - a wand of charming (9)
 p - a wand of polymorph (14)
 y - a wand of paralysis (8)
 B - a wand of flame (46)
 D - a wand of acid (19)
 G - a wand of iceblast (10)
Scrolls
 i - 5 scrolls of enchant armour
 j - a scroll of holy word
 o - a scroll of silence
 t - 3 scrolls of magic mapping
 u - 2 scrolls of enchant weapon
 z - a scroll of fear
 E - a scroll of summoning {unknown}
Potions
 b - 5 potions of curing
 r - 4 potions of brilliance
Miscellaneous
 F - a condenser vane


   Skills:
 * Level 9.9 Fighting
 * Level 9.2 Long Blades
 * Level 7.4 Dodging
 - Level 1.9 Stealth
 * Level 4.3 Shields
 + Level 13.0 Spellcasting
 - Level 7.1 Evocations


You had 4 spell levels left.
You knew the following spells:

 Your Spells              Type           Power      Damage    Failure   Level
a - Shock                 Conj/Air       100%       1d9       0%          1
b - Airstrike             Air            43%        N/A       1%          4
c - Static Discharge      Conj/Air       87%        N/A       1%          3
d - Vampiric Draining     Necr           43%        2d12      1%          3
e - Lightning Bolt        Conj/Air       43%        1d63      1%          5
f - Foxfire               Conj/Fire      100%       2x1d9     0%          1
g - Slow                  Hex            87%        N/A       0%          2
h - Mephitic Cloud        Conj/Pois/Air  87%        N/A       1%          3
i - Silence               Hex/Air        43%        N/A       1%          5
j - Agony                 Necr           87%        N/A       1%          5
z - Swiftness             Air            87%        N/A       0%          2
Your spell library was empty.

Dungeon Overview and Level Annotations

Branches:
Dungeon (13/15)            Temple (0/1) D:5            Lair (3/6) D:11
    Orc (0/2) D:9
  Swamp: Lair:2-4    Shoals: Lair:2-4     Snake: Lair:2-4    Spider: Lair:2-4
 Vaults: D:13-14

Altars:
Ashenzari
Cheibriados
Gozag
Hepliaklqana
Sif Muna
Uskayaw
Zin
The Shining One
Beogh

Shops:
D:6 [   D:8 [

Annotations:
D:3 2 transporters
Lair:6 Rupert


Innate Abilities, Weirdness & Mutations

You are immune to poison.
Your flesh is very heat resistant. (rF++)
You are vulnerable to cold. (rC-)
You float through the air rather than walking.
You learn spells naturally, not from books.
Your magical power is your life essence.
You have superior vitality. (+4 HP)


Message History

You block the yak's attack.
Casting: Lightning Bolt (mildly dangerous; 1% risk of failure)
Confirm with . or Enter, or press ? or * to list all spells.
Aiming: Lightning Bolt (mildly dangerous; 1% risk of failure)
Press: ? - help, Shift-Dir - straight line, f - yak
Aim: a yak (moderately wounded, 19% to evade)
You hear a mighty clap of thunder!
The bolt of lightning misses the yak.
You hear a bellow! x2; You hear a croak.
The blink frog hits you!
The blink frog blinks!
The yak barely misses you.
Rupert the Wild comes into view.
He is wielding a +2 great sword of electrocution.
The yak misses you. You block the yak's attack.
The blink frog blinks!
The blink frog blinks!
The yak gores you! Rupert roars wildly at you.
You are confused.
You're too confused to move!
The yak gores you!
You're too confused to move!
The yak gores you!
The blink frog blinks!
The yak closely misses you. The yak misses you.
You feel less confused. The yak gores you but does no damage.
The blink frog blinks!
The yak gores you but does no damage. You block the yak's attack.
You block the yak's attack.
The blink frog blinks!
The blink frog closely misses you. The blink frog completely misses you.
Rupert screams, "Give me the Holy Grail!"
Rupert hits you with a +2 great sword of electrocution!
The yak completely misses you. Rupert roars wildly at you.
You suddenly lose the ability to move!
The yak gores you. The blink frog hits you!
The blink frog blinks!
Rupert hits you but does no damage. The yak gores you but does no damage.
The blink frog blinks!
Rupert roars wildly at you. You resist with significant effort.
The yak gores you!
Rupert roars madly and goes into a rage!
Rupert goes berserk!
The yak gores you!
* * * LOW HITPOINT WARNING * * *
Rupert hits you with a +2 great sword of electrocution!!
You die...

##..........#.8
##.......##..#......
#.#..............8..
##.........≈#......
##........##....##
#P........#....#.##
##............#..≈##
#P......@#....≈..≈≈##
##......Y@...#≈..≈≈≈≈
##......##...#≈......
#P......#...#.....#..
#.......#.<.#....#...
#...#.###...#........
##..########........#
#######.............
#.#..................
##...........P#......


You could see Rupert (berserk) and a yak.

Vanquished Creatures
  4 hydras
  2 two-headed ogres
  9 death yaks
  A shadow wraith (D:12)
  Pikel (D:6)
  13 elephants (Lair:6)
  A cyclops (D:11)
  Joseph (D:9)
  A black mamba (Lair:6)
  A gargoyle (D:12)
  8 cane toads
  An unseen horror (D:11)
  4 komodo dragons
  A rime drake (Lair:2)
  2 trolls
  A polar bear (Lair:6)
  A hornet (D:9)
  13 blink frogs
  3 slime creatures (D:12)
  4 dream sheep (Lair:6)
  A shadow (D:11)
  A vampire (D:12)
  2 wyverns
  13 yaks
  Eustachio (D:6)
  Menkaure (D:6)
  2 vampire mosquitoes (D:11)
  An acid dragon (D:12)
  Duvessa (D:7)
  Edmund (D:5)
  4 water moccasins
  An ice beast (D:6)
  3 orc warriors (D:12)
  5 ogres
  A black bear (Lair:6)
  2 sky beasts
  3 necrophages
  15 wolves
  9 centaurs
  A phantom (D:4)
  5 kobold brigands
  11 bullfrogs
  A gnoll sergeant (D:8)
  6 scorpions
  Dowan (D:7)
  12 killer bees
  6 wights
  2 electric eels (Lair:6)
  10 howler monkeys
  2 centaur zombies
  2 hounds
  A bullfrog zombie (D:5)
  3 bullfrog skeletons
  3 orc priests
  A jelly (D:7)
  An iguana (D:7)
  Terence (D:2)
  3 orc wizards
  A howler monkey zombie (D:7)
  11 gnolls
  A howler monkey skeleton (D:6)
  9 adders
  2 adder skeletons (D:4)
  34 orcs
  4 endoplasms
  3 giant cockroaches
  9 goblins
  3 hobgoblins
  6 jackals
  21 kobolds
  3 quokkas
  4 ball pythons
  4 bats
  6 frilled lizards
  3 rats
335 creatures vanquished.

Vanquished Creatures (others)
  15 foxfires
  26 fungi
  32 plants
73 creatures vanquished.

Grand Total: 408 creatures vanquished

Notes
Turn   | Place    | Note
-------+----------+-------------------------------------------
     0 | D:1      | jestyr24 the Djinni Air Elementalist began the quest for
                  | the Orb.
     0 | D:1      | Reached XP level 1. HP: 15/15 MP: 0/0
   354 | D:1      | Reached skill level 3 in Spellcasting
   554 | D:1      | Reached XP level 2. HP: 19/21 MP: 0/0
  1024 | D:1      | Identified a scroll of acquirement
  1024 | D:1      | Acquired the +6 demon blade of Exhibitionism {venom, rC+
                  | rN+ Str+3 Dex-5}
  1183 | D:2      | Noticed Terence
  1187 | D:2      | Killed Terence
  1188 | D:2      | Reached XP level 3. HP: 20/25 MP: 0/0
  1188 | D:2      | Learned a level 1 spell: Foxfire
  1454 | D:2      | Reached XP level 4. HP: 19/31 MP: 0/0
  1630 | D:2      | Found a faded altar of an unknown god.
  1637 | D:2      | Reached skill level 4 in Spellcasting
  2193 | D:2      | Reached XP level 5. HP: 31/35 MP: 0/0
  2193 | D:2      | Learned a level 2 spell: Slow
  2634 | D:3      | Found a broken altar of Ashenzari.
  2638 | D:3      | Found a hide-covered altar of Uskayaw.
  2640 | D:3      | Found a glowing silver altar of Zin.
  2640 | D:3      | Found an opulent altar of Gozag.
  2643 | D:3      | Found a hazy altar of Hepliaklqana.
  2643 | D:3      | Found a snail-covered altar of Cheibriados.
  2644 | D:3      | Found a glowing golden altar of the Shining One.
  2833 | D:3      | Found a transporter.
  3240 | D:3      | Found a transporter.
  3781 | D:4      | Reached skill level 5 in Spellcasting
  3920 | D:3      | Became a worshipper of Cheibriados the Contemplative
  4017 | D:4      | Noticed a phantom
  4027 | D:4      | Killed a phantom
  4028 | D:4      | Reached XP level 6. HP: 33/41 MP: 0/0
  4332 | D:5      | Entered Level 5 of the Dungeon
  4349 | D:5      | Noticed Edmund
  4358 | D:5      | Killed Edmund
  4359 | D:5      | Reached skill level 6 in Spellcasting
  4359 | D:5      | Reached XP level 7. HP: 30/46 MP: 0/0
  4359 | D:5      | Learned a level 3 spell: Vampiric Draining
  4367 | D:5      | Reached skill level 1 in Long Blades
  4375 | D:5      | Reached skill level 1 in Fighting
  4907 | D:5      | Reached * piety under Cheibriados
  4938 | D:5      | Reached skill level 7 in Spellcasting
  4938 | D:5      | Reached XP level 8. HP: 41/54 MP: 0/0
  5459 | D:5      | Identified the +4 robe "Puyd" {rC- Regen+ Dex+7}
  5598 | D:5      | Found a staircase to the Ecumenical Temple.
  5896 | D:6      | Found Siff's Armour Emporium.
  5931 | D:6      | Reached skill level 8 in Spellcasting
  5942 | D:6      | Noticed Pikel
  5946 | D:6      | Killed Pikel
  5947 | D:6      | Reached skill level 1 in Evocations
  5947 | D:6      | Reached XP level 9. HP: 49/61 MP: 0/0
  5947 | D:6      | Learned a level 3 spell: Mephitic Cloud
  6034 | D:6      | Noticed Menkaure
  6037 | D:6      | Killed Menkaure
  6038 | D:6      | Reached skill level 9 in Spellcasting
  6068 | D:6      | Noticed Eustachio
  6072 | D:6      | Killed Eustachio
  6137 | D:6      | Reached ** piety under Cheibriados
  6783 | D:7      | Noticed a two-headed ogre
  6792 | D:7      | Killed a two-headed ogre
  6793 | D:7      | Reached skill level 5 in Fighting
  6793 | D:7      | Reached skill level 10 in Spellcasting
  6793 | D:7      | Reached XP level 10. HP: 58/70 MP: 0/0
  6929 | D:7      | Noticed Duvessa
  6933 | D:7      | Killed Duvessa
  6954 | D:7      | Reached *** piety under Cheibriados
  6969 | D:7      | Noticed Dowan
  6971 | D:7      | Killed Dowan
  7286 | D:8      | Found a snail-covered altar of Cheibriados.
  7286 | D:8      | Found Cheibriados's Comfort Zone.
  7399 | D:8      | Reached **** piety under Cheibriados
  7973 | D:9      | Noticed a harpy
  7973 | D:9      | Noticed a six-headed hydra
  7992 | D:9      | Noticed a black mamba
  8040 | D:9      | Found a staircase to the Orcish Mines.
  8217 | D:9      | Noticed Joseph
  8309 | D:9      | Killed Joseph
  8492 | D:10     | Entered Level 10 of the Dungeon
  8591 | D:10     | Reached skill level 5 in Evocations
  8696 | D:10     | Reached ***** piety under Cheibriados
  8700 | D:10     | Reached XP level 11. HP: 78/78 MP: 0/0
  8700 | D:10     | Learned a level 5 spell: Silence
  9121 | D:10     | Reached skill level 5 in Long Blades
  9741 | D:11     | Found a staircase to the Lair.
  9741 | D:11     | Noticed a death yak
  9743 | D:11     | Noticed a six-headed hydra
  9747 | D:11     | Noticed a death yak
  9749 | D:11     | Killed a six-headed hydra
  9750 | D:11     | Killed a death yak
  9750 | D:11     | Noticed a death yak
  9752 | D:11     | Killed a death yak
  9757 | D:11     | Killed a death yak
  9769 | D:11     | Noticed a cyclops
  9814 | D:11     | Killed a cyclops
  9897 | D:11     | Noticed a seven-headed hydra
 10166 | D:11     | Killed a seven-headed hydra
 10433 | D:12     | Reached XP level 12. HP: 73/88 MP: 0/0
 10596 | D:12     | Reached ****** piety under Cheibriados
 10598 | D:12     | Reached skill level 5 in Dodging
 10792 | D:12     | Reached skill level 11 in Spellcasting
 10965 | D:12     | Noticed a two-headed ogre
 10971 | D:12     | Killed a two-headed ogre
 11370 | Lair:1   | Entered Level 1 of the Lair of Beasts
 12182 | Lair:2   | Reached skill level 1 in Shields
 12225 | Lair:2   | Noticed a death yak
 12225 | Lair:2   | Noticed a death yak
 12226 | Lair:2   | Noticed a death yak
 12226 | Lair:2   | Noticed a death yak
 12226 | Lair:2   | Noticed a death yak
 12227 | Lair:2   | Noticed a death yak
 12309 | Lair:2   | Killed a death yak
 12745 | Lair:2   | Killed a death yak
 12748 | Lair:2   | Killed a death yak
 12748 | Lair:2   | Killed a death yak
 12749 | Lair:2   | Reached skill level 12 in Spellcasting
 12749 | Lair:2   | Reached XP level 13. HP: 73/94 MP: 0/0
 12749 | Lair:2   | Learned a level 5 spell: Agony
 13196 | Lair:3   | You are sucked into a shaft and drop 3 floors!
 13196 | Lair:6   | Entered Level 6 of the Lair of Beasts
 13672 | Lair:6   | Reached skill level 13 in Spellcasting
 13718 | Lair:6   | Noticed Rupert
 13729 | Lair:6   | Paralysed by Rupert for 7 turns
 13733 | Lair:6   | Slain by Rupert

Illustrated notes

Levels and vault maps discovered:
D:1:      minmay_arrival_shattered_statue, layout_basic
D:2:      layout_rooms, serial_curves, eino_curves_02, eino_curves_02,
          basic_ecumenical_altar, uniq_terence
D:3:      gammafunk_steamed_eel, layout_basic, grunt_temple_overflow_open,
          minmay_statues_item, minmay_stone_trees_small
D:4:      layout_rooms
D:5:      layout_cave_pools, minmay_temple_entry_mist, abandoned_shop,
          uniq_edmund
D:6:      layout_loops_ring, serial_shops, nicolae_shop_trees, uniq_pikel,
          uniq_menkaure, uniq_eustachio
D:7:      layout_basic, lemuel_crystal_altar, minmay_circle_x, uniq_duvessa
D:8:      layout_rooms, minivault_26, minmay_shop_chei, blue_anna_alchemist
          [blue_anna_fruit_fields, blue_anna_fruit_fields]
D:9:      layout_roguey, orc_0_dummy, lightli_corner_chamber, uniq_joseph
D:10:     layout_basic
D:11:     layout_roguey, dpeg_lair_monsters, hangedman_pestilent_swarm,
          nicolae_water_bricks
D:12:     layout_basic, special_room [special_room_orc]
D:13:     layout_basic, portal_ice_cave_entry_pillars_1
Lair:1:   layout_chaotic_city
Lair:2:   layout_regular_city, chequers_serial_rivers_micro_d
Lair:3:   layout_big_grid, palyth_hydra_swamp_entry,
          minmay_snake_entry_six_corridors
Lair:6:   grunt_lair_end_beastmaster, layout_gridlike, slime_altar_1,
          grunt_megastairs_4, uniq_rupert

Skill      XL: |  1  2  3  4  5  6  7  8  9 10 11 12 13 |
---------------+----------------------------------------+-----
Spellcasting   | 3 4 5 6 7 8 10 12 13 | 13.0
Dodging        | 3 4 6 7 |  7.4
Long Blades    | 1 2 4 7 8 9 |  9.2
Fighting       | 1 3 5 6 8 9 |  9.9
Evocations     | 1 3 5 7 |  7.1
Shields        | 2 4 |  4.3
Stealth        | |  1.9

Action                   |  1- 3 |  4- 6 |  7- 9 | 10-12 | 13-15 || total
-------------------------+-------+-------+-------+-------+-------++-------
Melee: Demon blade       |       |     9 |     3 |    13 |    22 ||    47
 Cast: Shock             |    51 |   103 |     2 |       |       ||   156
       Swiftness         |       |     1 |       |       |       ||     1
       Foxfire           |       |     5 |     4 |     1 |       ||    10
       Static Discharge  |       |     4 |       |       |       ||     4
       Slow              |       |     1 |     4 |     4 |     1 ||    10
       Airstrike         |       |       |    82 |   228 |    60 ||   370
       Vampiric Draining |       |       |     5 |     2 |    10 ||    17
       Lightning Bolt    |       |       |    11 |    37 |    41 ||    89
       Mephitic Cloud    |       |       |       |     2 |       ||     2
       Agony             |       |       |       |       |     1 ||     1
  Use: Scroll            |     2 |     3 |     5 |    15 |     3 ||    28
       Potion            |       |       |       |     2 |     1 ||     3
 Stab: Sleeping          |       |       |     1 |     1 |       ||     2
Armor: Robe              |     2 |     4 |     6 |    16 |     7 ||    35
Dodge: Dodged            |     3 |    21 |    17 |    88 |    69 ||   198
Block: Buckler           |       |       |       |     7 |    32 ||    39
       Rpst.: Demon blade |       |     6 |     5 |    10 |    21 ||    42

Table legend: (Time is in decaauts)
 A = Elapsed time spent in this place.
 B = Non-inter-level travel time spent in this place.
 C = Inter-level travel time spent in this place.
 D = Time resting spent in this place.
 E = Time spent auto-exploring this place.
 F = Levels seen in this place.
 G = Mean time per level.
                   A        B        C        D        E       F      G
               +--------+--------+--------+--------+--------+-----+--------+
         Total |  18923 |  17759 |   1164 |   2681 |  11573 |  17 | 1113.1 |
       Dungeon |  14915 |  14016 |    899 |   2342 |   9228 |  13 | 1147.3 |
          Lair |   4007 |   3743 |    264 |    339 |   2345 |   4 | 1001.8 |
               +--------+--------+--------+--------+--------+-----+--------+

Top non-repeatable levels by time:
  Lair:2: 1960 daAuts
    D:12: 1854 daAuts
    D:11: 1566 daAuts
    D:10: 1481 daAuts
     D:1: 1435 daAuts
     D:4: 1294 daAuts
  Lair:1: 1243 daAuts
     D:5: 1213 daAuts
     D:2: 1183 daAuts
     D:9: 1109 daAuts
     D:3: 963 daAuts
     D:6: 958 daAuts
     D:7: 938 daAuts
     D:8: 914 daAuts
  Lair:6: 759 daAuts
